 Dungeon Crawl Stone Soup version 0.18.1-1-g2f07953 (webtiles) character file.

62 Iflex the Charmwright (level 4, 0/51 HPs)
             Began as a Merfolk Skald on Oct 21, 2016.
             Slain by an orc wizard
             ... wielding a +4 dagger of venom
              (3 damage)
             ... on level 3 of the Dungeon on Nov 2, 2016.
             The game lasted 00:08:11 (2051 turns).

Iflex the Charmwright (Merfolk Skald)               Turns: 2051, Time: 00:08:14

Health: 0/51       AC: 22    Str: 10 (13) XL:     4   Next: 8%
Magic:  5/7        EV:  2    Int:  8 (11) God:
Gold:   79         SH:  0    Dex: 11 (13) Spells: 1 memorised, 7 levels left

rFire  . . .     SeeInvis .     a - +1 spear
rCold  . . .     Gourm    .     (armour currently unavailable)
rNeg   + + +     Faith    .     (no shield)
rPois  +         Spirit   .     (helmet currently unavailable)
rElec  .         Dismiss  .     (cloak currently unavailable)
rCorr  .         Reflect  .     (gloves currently unavailable)
SustAt .         Harm     .     (boots currently unavailable)
MR     .....     NoTele   +     (no amulet)
Stlth  +.........               (no ring)
                                (no ring)

@: lethally poisoned (0 -> -11), tree-form, infused, very slightly contaminated,
slowed, invisible, very slow, not resistant to hostile enchantments, very
unstealthy
A: (change form in water), (swift swim)
a: no special abilities


You were on level 3 of the Dungeon.
You were near starving.
You were a tree.
You visited 1 branch of the dungeon, and saw 3 of its levels.

You collected 79 gold pieces.

Inventory:

Hand Weapons
 a - a +1 spear (weapon)
Armour
 b - a +1 leather armour (melded)
Scrolls
 e - a scroll of identify
 h - a scroll of remove curse
 l - 2 scrolls of magic mapping
Books
 c - a book of Battle

   Spells                             Type                      Level
   a - Infusion                       Charms                       1
   b - Shroud of Golubria             Charms/Translocation         2
   c - Song of Slaying                Charms                       2
   d - Spectral Weapon                Hexes/Charms                 3
   e - Regeneration                   Charms/Necromancy            3
Comestibles
 d - 2 bread rations
 i - 2 meat rations
 n - 9 fruits


   Skills:
 + Level 2.6 Fighting
 + Level 3.5 Polearms
 + Level 1.0 Armour
 + Level 1.7 Dodging
 + Level 0.2 Stealth
 + Level 2.5 Spellcasting
 + Level 4.0 Charms


You had 7 spell levels left.
You knew the following spells:

 Your Spells              Type           Power        Failure   Level  Hunger
a - Infusion              Chrm           #...         10%         1    ##.....


Dungeon Overview and Level Annotations

Branches:
Dungeon (3/15)

Altars:
Qazlal


Message History

You cannot move.
You cannot move.
You cannot move.
You cannot move.
You cannot move.
You cannot move.
You hit the orc wizard.
The orc wizard is moderately wounded.
* * * LOW HITPOINT WARNING * * *
You feel sick. The orc wizard completely misses you.
The orc wizard casts a spell at you. The magic dart hits you!
* * * LOW HITPOINT WARNING * * *
You barely miss the orc wizard.
The orc wizard is moderately wounded.
* * * LOW HITPOINT WARNING * * *
You feel sick.
The orc wizard hits you but does no damage.
The orc wizard hits you with a dagger of venom.
You die...

#.# #....#.....##.# #.#
#....#..(..##.# #.#
#....#.....##.# #.#
#....#.....##.# #.#
#....##.#####.#
##.####.###........(....#
........†......[..####..#
##.####.#####.....####..#
.......o♣................
##.####o##########.###...
#o# #.....##...
#########.#####
#..[..##...
+.............#
#.....##...
##########....#
####.###... #o....... ...
.... #....#### #.# ...
#....# #..


You could see 2 orc wizards and an orc.

Vanquished Creatures
  An adder (D:3)
  A gnoll (D:2)
  An ooze (D:2)
  A worm (D:2)
  3 giant cockroaches
  3 goblins
  2 hobgoblins (D:1)
  4 kobolds
  A quokka (D:2)
  9 bats
  3 giant newts
  9 rats
38 creatures vanquished.

Notes
Turn   | Place    | Note
--------------------------------------------------------------
     0 | D:1      | Iflex the Merfolk Skald began the quest for the Orb.
     0 | D:1      | Reached XP level 1. HP: 16/16 MP: 3/3
    49 | D:1      | Reached XP level 2. HP: 22/22 MP: 5/5
   797 | D:2      | Reached XP level 3. HP: 22/28 MP: 6/6
   936 | D:2      | Found a stormy altar of Qazlal.
  1134 | D:2      | Reached skill level 4 in Charms
  1438 | D:3      | Reached skill level 1 in Armour
  1438 | D:3      | Reached XP level 4. HP: 17/34 MP: 4/7
  2051 | D:3      | Slain by an orc wizard

Skill      XL: |  1  2  3 |
---------------+----------+-----
Charms         | 4 |  4.0
Armour         | 1 |  1.0
Fighting       | |  2.6
Polearms       | |  3.5
Dodging        | |  1.7
Stealth        | |  0.2
Spellcasting   | |  2.5

Action                   |  1- 3 |  4- 6 || total
-------------------------+-------+-------++-------
Melee: Spear             |   129 |    19 ||   148
       Tailslap          |     1 |       ||     1
 Cast: Infusion          |     1 |     1 ||     2
  Use: Scroll            |       |     5 ||     5
       Potion            |       |     3 ||     3
 Stab: Sleeping          |     1 |       ||     1
       Invisible         |       |     1 ||     1
  Eat: Chunk             |     2 |       ||     2
Armor: Leather armour    |    27 |     3 ||    30
       Skin              |       |    19 ||    19
Dodge: Dodged            |    45 |    10 ||    55
